 Dungeon Crawl Stone Soup version 0.27-a0-1256-gced786f65e (webtiles) character file.

Game seed: 15432830377038730366

48 zezblit the Cudgeller (level 3, 0/36 HPs)
             Began as a Troll Berserker on June 10, 2021.
             Was a Believer of Trog.
             Slain by a gnoll
             ... wielding a +0 whip
              (3 damage)
             ... on level 2 of the Dungeon.
             The game lasted 00:03:40 (914 turns).

zezblit the Cudgeller (Troll Berserker)              Turns: 914, Time: 00:03:41

Health: 0/36       AC:  4    Str: 26    XL:     3   Next: 50%
Magic:  2/2        EV: 10    Int:  3    God:    Trog [**....]
Gold:   90         SH:  0    Dex:  9    Spells: 2/2 levels left

rFire    . . .     SeeInvis .   a - +0 mace
rCold    . . .     Faith    .   (no shield)
rNeg     . . .     Spirit   .   b - +0 animal skin
rPois    .         Reflect  .   (helmet restricted)
rElec    .         Harm     .   (no cloak)
rCorr    .         Rampage  .   (gloves unavailable)
Will     .....                  (boots unavailable)
Stlth    +.........             (no amulet)
HPRegen  1.12/turn              (no ring)
MPRegen  0.08/turn              (no ring)

@: on berserk cooldown, slowed, very slow
A: large, unfitting armour, claws 3, regeneration 1, shaggy fur 1, tough skin 1
a: Renounce Religion, Berserk, Trog's Hand


You were on level 2 of the Dungeon.
You worshipped Trog.
Trog was pleased with you.
You visited 1 branch of the dungeon, and saw 3 of its levels.

You collected 90 gold pieces.

Inventory:

Hand Weapons
 a - a +0 mace (weapon)
Armour
 b - a +0 animal skin (worn)
Wands
 c - a wand of iceblast (10)
Scrolls
 e - a scroll of blinking {unknown}
Potions
 d - a potion of invisibility
 f - a potion of curing {unknown}


   Skills:
 * Level 2.7 Fighting
 * Level 3.6 Maces & Flails
 + Level 2.6 Dodging


You had 2 spell levels left.
You didn't know any spells.
Your spell library was empty.

Dungeon Overview and Level Annotations

Branches:
Dungeon (3/15)

Altars:


Innate Abilities, Weirdness & Mutations

You are too large for most types of armour.
You have claws for hands.
Your natural rate of healing is unusually fast.
You are covered in fur. (AC +1)
You have tough skin. (AC +1)


Message History

No target in view! 3 gnolls come into view.
The gnoll shouts! x2; You hear a shout!
A gnoll comes into view. It is wielding a +0 whip.
Found 7 gold pieces.
A red film seems to cover your vision as you go berserk!
You feel yourself moving faster!
You feel mighty!
Okay, then.
Your library has no spells.
You don't know any spells.
You are too berserk!
You feel a strong urge to attack something.
The gnoll hits you from afar with a +0 halberd!
You feel your anger nearly subside.
You are no longer berserk.
You are exhausted.
You feel yourself slow down. The gnoll hits you with a +0 whip!
The gnoll hits you with a +0 halberd!
You are too injured to fight recklessly!
You are too injured to fight recklessly!
You are too injured to fight recklessly!
You are too injured to fight recklessly!
You are too injured to fight recklessly!
You are too injured to fight recklessly!
You are too injured to fight recklessly!
You are too injured to fight recklessly!
You sock the gnoll!
The gnoll is severely wounded.
The gnoll hits you with a +0 whip!
* * * LOW HITPOINT WARNING * * *
The gnoll hits you with a +0 halberd!
* * * LOW HITPOINT WARNING * * *
The gnoll hits you with a +0 whip.
* * * LOW HITPOINT WARNING * * *
The gnoll closely misses you.
You completely miss the gnoll.
The gnoll is severely wounded.
The gnoll hits you with a +0 halberd.
* * * LOW HITPOINT WARNING * * *
The gnoll hits you with a +0 whip.
You die...

###### #....# ##### #....# #...#
##....# #...# ##.....# #...#
#......# #$.g# #.#...)# #.gg#
##.#....# #########.g@# #..#....#
#......##...# #.#####.##
#......##...####.#####..#
##<.....##..#.........##.# ##
##>......##..#....<....##.#
.###............#.........##.#
.....#.......##.#.........##.#
.............##.#.........##.#
#####...........#####.######.####


You could see 4 gnolls.

Vanquished Creatures
  2 dart slugs
  6 bats
  An endoplasm (D:1)
  2 giant cockroaches (D:1)
  5 goblins
  6 hobgoblins
  4 jackals (D:2)
  2 kobolds (D:1)
  A quokka (D:1)
  5 ball pythons (D:1)
  2 frilled lizards (D:1)
  3 rats (D:1)
39 creatures vanquished.

Notes
Turn   | Place    | Note
-------+----------+-------------------------------------------
     0 | D:1      | zezblit the Troll Berserker began the quest for the Orb.
     0 | D:1      | Reached XP level 1. HP: 22/22 MP: 0/0
    64 | D:1      | Reached XP level 2. HP: 29/29 MP: 1/1
    85 | D:1      | Reached skill level 3 in Maces & Flails
   319 | D:1      | Reached ** piety under Trog
   352 | D:1      | Reached XP level 3. HP: 36/36 MP: 2/2
   914 | D:2      | Slain by a gnoll

Illustrated notes

Levels and vault maps discovered:
D:1:      minmay_arrival_arboretum_small, layout_basic, minivault_26
D:2:      layout_rooms
D:3:      layout_loops_ring, kennysheep_jessica_study

Skill      XL: |  1  2 |
---------------+-------+-----
Maces & Flails | 3 |  3.6
Fighting       | |  2.7
Dodging        | |  2.6

Action                   || total
-------------------------++-------
Melee: Mace              ||   100
Invok: Berserk           ||     3
  Use: Scroll            ||     1
 Stab: Sleeping          ||     1
Armor: Animal skin       ||    68
Dodge: Dodged            ||    73

Table legend: (Time is in decaauts)
 A = Elapsed time spent in this place.
 B = Non-inter-level travel time spent in this place.
 C = Inter-level travel time spent in this place.
 D = Time resting spent in this place.
 E = Time spent auto-exploring this place.
 F = Levels seen in this place.
 G = Mean time per level.
                   A        B        C        D        E       F      G
               +--------+--------+--------+--------+--------+-----+--------+
         Total |    957 |    941 |     16 |      0 |    651 |   3 |  319.0 |
       Dungeon |    957 |    941 |     16 |      0 |    651 |   3 |  319.0 |
               +--------+--------+--------+--------+--------+-----+--------+

Top non-repeatable levels by time:
     D:1: 760 daAuts
     D:2: 189 daAuts
     D:3: 6 daAuts
